 Dungeon Crawl Stone Soup version 0.19-a0-4-ga5c5ac4 (webtiles) character file.

349 erazure the Firebug (level 6, -4/43 HPs)
             Began as a Demonspawn Fire Elementalist on Apr 28, 2016.
             Was a Follower of Kikubaaqudgha.
             Slain by a gnoll
             ... wielding a +0 spear
              (7 damage)
             ... on level 3 of the Dungeon.
             The game lasted 00:19:27 (2304 turns).

erazure the Firebug (Demonspawn Fire Elementalist)  Turns: 2304, Time: 00:19:27

Health: -4/43      AC:  2    Str:  9    XL:     6   Next: 33%
Magic:  4/10       EV: 13    Int: 18    God:    Kikubaaqudgha [*.....]
Gold:   127        SH:  0    Dex: 13    Spells: 4 memorised, 4 levels left

rFire  . . .     SeeInvis .     g - +2 whip (flame)
rCold  . . .     Gourm    .     u - +0 robe
rNeg   . . .     Faith    .     (no shield)
rPois  .         Spirit   .     (helmet restricted)
rElec  .         Dismiss  .     (no cloak)
rCorr  .         Reflect  .     (no gloves)
SustAt +         Harm     .     (no boots)
MR     .....                    (no amulet)
Stlth  ++........               (no ring)
                                j - ring of sustain attributes

@: not resistant to hostile enchantments, unstealthy
A: horns 2, demonic guardian 1
a: Receive Corpses, Renounce Religion


You were on level 3 of the Dungeon.
You worshipped Kikubaaqudgha.
Kikubaaqudgha was aware of your devotion.
You were not hungry.

You visited 1 branch of the dungeon, and saw 3 of its levels.

You collected 127 gold pieces.

Inventory:

Hand Weapons
 g - a +2 whip of flaming (weapon)
 l - a +0 dagger
Missiles
 f - 41 poisoned needles
Armour
 u - a +0 robe (worn)
Jewellery
 j - a ring of sustain attributes (left hand)
Scrolls
 c - 3 scrolls of recharging {unknown}
 k - a scroll of remove curse
 m - 5 scrolls of fear {unknown}
 n - 2 scrolls of identify {unknown}
 p - a scroll of teleportation {unknown}
 r - a scroll of magic mapping {unknown}
Potions
 h - a potion of invisibility {unknown}
 i - a potion of flight {unknown}
 o - 2 potions of might {unknown}
Books
 b - a book of Flames

   Spells                             Type                      Level
   a - Flame Tongue                   Conjuration/Fire             1
   b - Throw Flame                    Conjuration/Fire             2
   c - Conjure Flame                  Conjuration/Fire             3
   d - Inner Flame                    Hexes/Fire                   3
   e - Sticky Flame                   Conjuration/Fire             4
   f - Fireball                       Conjuration/Fire             5
 s - Kikubaaqudgha's Handbook of Darkness
   (Kikubaaqudgha gifted it to you on level 3 of the Dungeon)

   Spells                             Type                      Level
   a - Animate Skeleton               Necromancy                   1
   b - Corpse Rot                     Necromancy                   2
   c - Sublimation of Blood           Necromancy                   2
   d - Vampiric Draining              Necromancy                   3
   e - Control Undead                 Necromancy                   4
Comestibles
 d - a meat ration
 q - a bread ration


   Skills:
 + Level 1.2 Fighting
 + Level 0.1 Short Blades
 + Level 0.5 Maces & Flails
 + Level 1.5 Armour
 + Level 3.3 Dodging
 + Level 2.4 Stealth
 + Level 3.0 Spellcasting
 + Level 2.7 Conjurations
 + Level 0.7 Necromancy
 + Level 3.3 Fire Magic


You had 4 spell levels left.
You knew the following spells:

 Your Spells              Type           Power        Failure   Level  Hunger
a - Flame Tongue          Conj/Fire      ##...        6%          1    None
b - Throw Flame           Conj/Fire      ##....       10%         2    ##.....
c - Animate Skeleton      Necr           N/A          14%         1    None
d - Conjure Flame         Conj/Fire      ##......     17%         3    ###....


Dungeon Overview and Level Annotations

Branches:
Dungeon (3/15)

Altars:
Kikubaaqudgha
Pakellas
Zin


Innate Abilities, Weirdness & Mutations

You have a pair of horns on your head.
A weak demonic guardian rushes to your aid.


Message History

The throwing net hits you.
You become entangled in the net!
You see here a throwing net.
You struggle against the net.
The gnoll closely misses you.
Sigmund hits the gnoll from afar with a scythe!
The gnoll dies!
Kikubaaqudgha accepts your kill.
You struggle against the net.
The gnoll barely misses you.
Your quasit bites the gnoll but does no damage.
Your quasit claws the gnoll.
Your quasit barely misses the gnoll.
You try to slip out of the net.
The gnoll hits you from afar with a spear!
* * * LOW HITPOINT WARNING * * *
Your quasit closely misses the gnoll.
Your quasit claws the gnoll.
Your quasit claws the gnoll but does no damage.
You slip out of the net!
Your quasit bites the gnoll.
Your quasit claws the gnoll but does no damage.
Your quasit barely misses the gnoll.
The gnoll hits you from afar with a spear!
You die...
Kikubaaqudgha rasps: "You have failed me!
Welcome... death!"

#.....# #.##. #...... ..>#.
#.)... ######### .... ######.#.##
#.......# ...##.........#
#.......# #...........g#
#.......# #..#......5g.#
#.......#
#.........[5######.......###
#..).......@Z%(.............
#......>....#..###.......###
#..#.........##.###..........
#......#####.####..##.###.####.
.......#######.####.....##..##...
.....#.# #............####..#....
..#.....##.........#........#....
................................_
.##................##..###..#....


You could see 2 gnolls, a friendly quasit, a friendly white imp and the friendly
Sigmund the human skeleton.

Vanquished Creatures
  Sigmund (D:3)
  3 gnolls (D:2)
  2 adders
  An ooze (D:2)
  A worm (D:2)
  2 dart slugs (D:1)
  3 giant geckos
  2 orcs (D:3)
  6 bats
  2 giant cockroaches
  6 goblins
  6 hobgoblins
  6 giant newts
  7 kobolds
  4 rats
52 creatures vanquished.

Vanquished Creatures (collateral kills)
  The ghost of dracfodder the Sneak, an amateur TrAs (D:3)
  A gnoll (D:3)
  3 orcs (D:3)
5 creatures vanquished.

Grand Total: 57 creatures vanquished

Notes
Turn   | Place    | Note
--------------------------------------------------------------
     0 | D:1      | erazure the Demonspawn Fire Elementalist began the quest for the Orb.
     0 | D:1      | Reached XP level 1. HP: 13/13 MP: 3/3
   374 | D:1      | Gained mutation: A weak demonic guardian rushes to your aid. [demonic ancestry]
   374 | D:1      | Reached XP level 2. HP: 19/19 MP: 1/5
   449 | D:1      | Learned a level 2 spell: Throw Flame
  1055 | D:2      | Found an ancient bone altar of Kikubaaqudgha.
  1061 | D:2      | Reached XP level 3. HP: 24/24 MP: 3/6
  1068 | D:2      | Became a worshipper of Kikubaaqudgha
  1255 | D:2      | Found an oddly glowing altar of Pakellas.
  1453 | D:2      | Gained mutation: You have a pair of small horns on your head. [demonic ancestry]
  1453 | D:2      | Reached XP level 4. HP: 15/30 MP: 4/7
  2032 | D:3      | Reached skill level 1 in Armour
  2034 | D:3      | Reached * piety under Kikubaaqudgha
  2034 | D:3      | Received a gift from Kikubaaqudgha
  2039 | D:3      | Identified Kikubaaqudgha's Handbook of Darkness (Kikubaaqudgha gifted it to you on level 3 of the Dungeon)
  2042 | D:3      | Learned a level 1 spell: Animate Skeleton
  2046 | D:3      | Learned a level 3 spell: Conjure Flame
  2101 | D:3      | Found a glowing silver altar of Zin.
  2150 | D:3      | Noticed Sigmund
  2171 | D:3      | Killed Sigmund
  2171 | D:3      | Reached skill level 1 in Fighting
  2171 | D:3      | Gained mutation: You have a pair of horns on your head. [demonic ancestry]
  2171 | D:3      | Reached XP level 5. HP: 12/37 MP: 4/9
  2264 | D:3      | Noticed dracfodder's ghost (amateur TrAs)
  2295 | D:3      | Killed dracfodder's ghost
  2295 | D:3      | Reached XP level 6. HP: 10/43 MP: 3/10
  2304 | D:3      | Slain by a gnoll

Vault maps used:
D:1:      minmay_arrival_cross
D:2:      lemuel_crystal_altar, overflow_temple_1_default
D:3:      old_standard_altar, minmay_goblin_kobold_house, uniq_sigmund

Skill      XL: |  1  2  3  4  5 |
---------------+----------------+-----
Dodging        | 2 3 |  3.3
Fire Magic     | 3 |  3.3
Stealth        | 2 |  2.4
Armour         | 1 |  1.5
Conjurations   | 2 |  2.7
Fighting       | 1 |  1.2
Spellcasting   | 3 |  3.0
Short Blades   | |  0.1
Maces & Flails | |  0.5
Necromancy     | |  0.7

Action                   |  1- 3 |  4- 6 || total
-------------------------+-------+-------++-------
Melee: Unarmed           |     1 |       ||     1
       Dagger            |    45 |       ||    45
       Whip              |       |    17 ||    17
 Cast: Flame Tongue      |    48 |    32 ||    80
       Throw Flame       |     1 |     3 ||     4
       Animate Skeleton  |       |     3 ||     3
  Use: Scroll            |     2 |       ||     2
       Potion            |     1 |       ||     1
 Stab: Distracted        |     1 |       ||     1
  Eat: Bread ration      |     1 |       ||     1
       Meat ration       |       |     1 ||     1
Armor: Robe              |    14 |     1 ||    15
       Leather armour    |    27 |     7 ||    34
Dodge: Dodged            |    71 |    26 ||    97
